 Dungeon Crawl Stone Soup version 0.21-a0-150-gc243083 (webtiles) character file.

8764 KristoblXynda the Covert (level 11, -6/90 HPs)
             Began as a Naga Transmuter on July 27, 2017.
             Was a Believer of Sif Muna.
             Succumbed to Sonja's poison
             ... on level 10 of the Dungeon.
             The game lasted 00:28:57 (12639 turns).

KristoblXynda the Covert (Naga Transmuter)         Turns: 12639, Time: 00:28:58

Health: -6/90      AC:  2    Str: 14    XL:     11   Next: 36%
Magic:  18/18      EV: 19    Int: 16    God:    Sif Muna [**....]
Gold:   334        SH:  3    Dex: 14    Spells: 16/20 levels left

rFire    . . .     SeeInvis +     - Unarmed
rCold    . . .     Gourm    .   (shield currently unavailable)
rNeg     . . .     Faith    .   (armour currently unavailable)
rPois    x         Spirit   .   (helmet currently unavailable)
rElec    +         Reflect  +   (cloak currently unavailable)
rCorr    .         Harm     .   (gloves currently unavailable)
MR       ++...     Clarity  +   (no barding)
Stlth    ++++......             h - +3 amulet of reflection
HPRegen  0.25/turn              (no ring)
MPRegen  0.16/turn              u - ring "Yrecriej" {rElec Slay+4}

@: lethally poisoned (-6 -> -70), spider-form (expiring), slowed, very slow
A: see invisible, clarity, clumsy 1, magic resistance 1, slow metabolism 1, spit
poison 1, AC +3
a: Spit Poison, End Transformation, Divine Energy, Renounce Religion


You were on level 10 of the Dungeon.
You worshipped Sif Muna.
Sif Muna was pleased with you.
You were not hungry.
You were a venomous arachnid creature.
You visited 2 branches of the dungeon, and saw 11 of its levels.

You collected 534 gold pieces.
You spent 200 gold pieces at shops.

Inventory:

Hand Weapons
 g - a +3 dagger of venom (melded)
 i - the +9 spear of Agoal {speed, rN++ Dex-5}
   (You bought it in a shop on level 4 of the Dungeon)

   Attacks with this weapon are significantly faster.
   It affects your dexterity (-5).
   It greatly protects you from negative energy.
 y - a +3 long sword
Missiles
 q - 4 javelins (quivered)
Armour
 s - a +2 helmet (melded)
 w - a +3 leather armour (melded)
 z - a +3 naga barding of flying (melded)
 C - the +1 pair of gloves of Intercession (melded) {rElec}
   (You found it on level 6 of the Dungeon)

   It insulates you from electricity.
 E - a +1 shield of protection
Jewellery
 h - a +3 amulet of reflection (around neck)
 m - an uncursed ring of protection from fire {unknown}
 u - the ring "Yrecriej" (right front leg) {rElec Slay+4}
   (You found it on level 5 of the Dungeon)

   [ring of slaying]

   It affects your accuracy and damage with ranged weapons and melee attacks
   (+4).
   It insulates you from electricity.
Wands
 b - a wand of iceblast (1/15)
 F - a wand of confusion (28/48)
Scrolls
 l - a scroll of enchant armour
 p - a scroll of magic mapping
 A - a scroll of remove curse
 D - 2 scrolls of teleportation
Potions
 a - 2 potions of brilliance
 e - a potion of ambrosia {unknown}
 k - 2 potions of agility
 o - 2 potions of resistance
 x - a potion of cancellation {unknown}
 B - a potion of lignification {unknown}
Books
 c - a book of Changes

   Spells                             Type                      Level
   a - Beastly Appendage              Transmutation                1
   b - Sticks to Snakes               Transmutation                2
   c - Spider Form                    Transmutation/Poison         3
   d - Ice Form                       Ice/Transmutation            4
   e - Blade Hands                    Transmutation                5
Comestibles
 d - a bread ration
 j - 8 royal jellies
 n - 5 fruits
 r - 2 meat rations
 t - 3 chunks of flesh


   Skills:
 + Level 3.0 Fighting
 - Level 5.0 Short Blades
 + Level 3.9 Armour
 - Level 2.3 Dodging
 - Level 9.9 Stealth
 + Level 6.1 Unarmed Combat
 - Level 5.1 Spellcasting
 - Level 6.3 Transmutations
 - Level 7.8 Invocations
 - Level 7.1 Evocations


You had 16 spell levels left.
You knew the following spells:

 Your Spells              Type           Power        Failure   Level  Hunger
a - Beastly Appendage     Tmut           ###...       5%          1    None
b - Spider Form           Tmut/Pois      ##........   28%         3    ###....


Dungeon Overview and Level Annotations

Branches:
Dungeon (10/15)            Temple (1/1) D:4
   Lair: D:8-11         Orc: D:9-12

Altars:
Ashenzari
Cheibriados
Dithmenos
Elyvilon
Fedhas
Gozag
Hepliaklqana
Kikubaaqudgha
Makhleb
Nemelex Xobeh
Okawaru
Qazlal
Ru
Sif Muna
Trog
Uskayaw
Vehumet
Wu Jian
Xom
Yredelemnul
Zin
The Shining One

Shops:
D:4 (

Annotations:
D:10 Sonja


Innate Abilities, Weirdness & Mutations

You cannot wear boots.
((Your serpentine skin is tough. (AC +3)))
You have supernaturally acute eyesight. (SInv)
((Armour fits poorly on your strangely shaped body.))
((Your system is resistant to poisons. (rPois)))
((You cover ground very slowly.))
You have a slow metabolism.
You can spit poison.
((Your tail ends in a poisonous barb.))
You possess an exceptional clarity of mind.
You are clumsy. (Dex -2)
You are resistant to hostile enchantments. (MR+)


Message History

Sonja wields an uncursed dagger of venom.
It begins to drip with poison!
Sonja misses you.
Sonja hits you with an uncursed dagger of venom.
* * * LOW HITPOINT WARNING * * *
You are poisoned.
You block Sonja's attack.
You bite Sonja!
Sonja is severely wounded.
You feel sick. Sonja barely misses you. Sonja closely misses you.
Sonja hits you but does no damage.
You are lethally poisoned!
Sonja hits you with an uncursed dagger of venom!
* * * LOW HITPOINT WARNING * * *
You are more poisoned.
You block Sonja's attack.
Sonja hits you with an uncursed dagger of venom.
* * * LOW HITPOINT WARNING * * *
You barely miss Sonja.
Sonja is severely wounded.
You die...

######## #......#
####......#
#(((sK...(#
###.##......#
#######...##......#
##.......###########
###..#######
#..........#
#.#........#
#.#........#
##.#........#


You could see Sonja.

Vanquished Creatures
  A two-headed ogre (D:7)
  Urug (D:10)
  A deep elf mage (D:9)
  A gargoyle (D:10)
  A centaur skeleton (D:10)
  2 hippogriffs
  A hornet (D:8)
  12 yaks
  A hungry ghost (D:9)
  A steam dragon (D:10)
  Menkaure (D:5)
  A soldier ant (D:8)
  A water moccasin (D:10)
  An orc warrior (D:10)
  3 sky beasts
  2 phantoms (D:10)
  A necrophage (D:9)
  An ogre (D:6)
  A centaur (D:5)
  Blork the orc (D:6)
  A gnoll sergeant (D:7)
  A wyvern skeleton (D:10)
  4 scorpions
  6 killer bees (D:9)
  5 wights (D:6)
  6 howler monkeys
  2 centaur zombies (D:10)
  A crimson imp (D:5)
  A bullfrog zombie (D:10)
  A quasit (D:6)
  6 hounds
  3 jellies
  4 orc priests
  12 orc wizards
  3 bullfrog skeletons
  7 worker ants
  5 iguanas
  A worker ant zombie (D:5)
  Robin (D:4)
  19 gnolls
  12 adders
  2 howler monkey skeletons (D:6)
  4 shadow imps
  An ooze (D:2)
  An adder zombie (D:6)
  4 adder skeletons
  6 worms
  4 leopard geckos
  48 orcs
  A ball python (D:4)
  7 giant cockroaches
  19 goblins
  6 hobgoblins
  7 jackals
  5 quokkas
  2 bats
  8 frilled lizards
  A jackal zombie (D:9)
  7 kobolds
  A leopard gecko zombie (D:7)
  A quokka skeleton (D:5)
  9 rats
280 creatures vanquished.

Notes
Turn   | Place    | Note
-------+----------+-------------------------------------------
     0 | D:1      | KristoblXynda the Naga Transmuter began the quest for the Orb.
     0 | D:1      | Reached XP level 1. HP: 18/18 MP: 3/3
   515 | D:1      | Reached XP level 2. HP: 25/25 MP: 5/5
   771 | D:1      | Reached skill level 1 in Stealth
  1358 | D:2      | Reached XP level 3. HP: 27/31 MP: 6/6
  1459 | D:2      | Reached skill level 1 in Short Blades
  1512 | D:2      | Reached skill level 2 in Stealth
  2219 | D:3      | Reached skill level 3 in Stealth
  2219 | D:3      | Reached XP level 4. HP: 22/38 MP: 7/7
  2238 | D:3      | Reached XP level 5. HP: 39/44 MP: 8/8
  2563 | D:3      | Reached skill level 4 in Stealth
  2854 | D:3      | Reached XP level 6. HP: 44/51 MP: 9/9
  3119 | D:2      | Reached skill level 5 in Stealth
  3126 | D:2      | Found a glowing silver altar of Zin.
  3679 | D:3      | Learned a level 3 spell: Spider Form
  3803 | D:4      | Found Pucha's Antique Weapon Emporium.
  3828 | D:4      | Reached XP level 7. HP: 29/57 MP: 10/10
  4004 | D:4      | Reached skill level 6 in Stealth
  4103 | D:4      | Noticed Robin
  4145 | D:4      | Killed Robin
  4385 | D:4      | Found a staircase to the Ecumenical Temple.
  4393 | Temple   | Entered the Ecumenical Temple
  4495 | Temple   | Became a worshipper of Sif Muna the Loreminder
  4949 | D:5      | Entered Level 5 of the Dungeon
  5259 | D:5      | Reached skill level 7 in Stealth
  5263 | D:5      | Gained mutation: You are dopey. (Int -2) [mutagenic meat]
  5264 | D:5      | Gained mutation: You are clumsy. (Dex -2) [mutagenic meat]
  5265 | D:5      | Gained mutation: You are very clumsy. (Dex -4) [mutagenic meat]
  5266 | D:5      | Gained mutation: You possess an exceptional clarity of mind. [mutagenic meat]
  5389 | D:5      | Got a smoking lead ring
  5394 | D:5      | Identified the ring "Yrecriej" {rElec Slay+4} (You found it on level 5 of the Dungeon)
  5501 | D:5      | Noticed Menkaure
  5515 | D:5      | Killed Menkaure
  5515 | D:5      | Reached skill level 8 in Stealth
  5515 | D:5      | Reached skill level 5 in Transmutations
  5515 | D:5      | Reached XP level 8. HP: 64/64 MP: 11/11
  5727 | D:5      | Reached * piety under Sif Muna
  6165 | D:6      | Reached skill level 5 in Short Blades
  6492 | D:6      | Reached skill level 1 in Armour
  6492 | D:6      | Reached skill level 9 in Stealth
  6799 | D:6      | Noticed Blork the orc
  6811 | D:6      | Killed Blork the orc
  6980 | D:6      | Got a pair of shimmering gloves
  6991 | D:6      | Identified the +1 pair of gloves of Intercession {rElec} (You found it on level 6 of the Dungeon)
  7016 | D:7      | Reached skill level 1 in Invocations
  7016 | D:7      | Reached skill level 1 in Evocations
  7016 | D:7      | Reached XP level 9. HP: 69/70 MP: 12/12
  8254 | D:7      | Found an opulent altar of Gozag.
  8667 | D:7      | Noticed a two-headed ogre
  8686 | D:7      | Killed a two-headed ogre
  8686 | D:7      | Reached ** piety under Sif Muna
  9090 | D:5      | Reached XP level 10. HP: 78/78 MP: 16/16
  9173 | D:4      | Bought an encrusted spear for 200 gold pieces
  9173 | D:4      | Identified the +9 spear of Agoal {speed, rN++ Dex-5} (You bought it in a shop on level 4 of the Dungeon)
  9295 | D:8      | Reached skill level 5 in Invocations
  9621 | D:8      | Reached skill level 5 in Evocations
  9713 | D:8      | Reached skill level 5 in Spellcasting
  9746 | D:8      | Found a sparkling altar of Nemelex Xobeh.
 10588 | D:9      | Identified a scroll of acquirement
 11678 | D:9      | Reached skill level 5 in Unarmed Combat
 11793 | D:9      | Noticed a deep elf mage
 11818 | D:9      | Killed a deep elf mage
 11818 | D:9      | Reached XP level 11. HP: 74/84 MP: 13/18
 11846 | D:9      | Gained mutation: Your tail ends in a poisonous barb. [mutagenic meat]
 11848 | D:9      | Gained mutation: You are resistant to hostile enchantments. (MR+) [mutagenic meat]
 11849 | D:9      | Lost mutation: You are very clumsy. (Dex -4) [mutagenic meat]
 11850 | D:9      | Lost mutation: You are dopey. (Int -2) [mutagenic meat]
 12023 | D:10     | Entered Level 10 of the Dungeon
 12409 | D:10     | Noticed Urug
 12428 | D:10     | Killed Urug
 12623 | D:10     | Noticed Sonja
 12638 | D:10     | HP: 4/90 [Sonja/uncursed dagger of venom (8)]
 12638 | D:10     | HP: 1/90 [Sonja/uncursed dagger of venom (3)]
 12639 | D:10     | Succumbed to Sonja's poison

Vault maps used:
D:1:      matt_arrival_refuge
D:2:      nicolae_overflow_hidden_temple
D:4:      minmay_temple_entry_glassed_door, first_bread, serial_shops, shop,
          uniq_robin
D:5:      kennysheep_generic_room_15, uniq_menkaure
D:6:      grunt_ministairs_1, uniq_blork_the_orc
D:7:      grunt_gozag_breadcrumbs
D:8:      hangedman_pestilent_swarm, serial_park_tiny_2,
          nemelex_xobeh_ov_fountains_minmay
D:9:      serial_corexii_hall, corexii_hall_statues_l,
          corexii_hall_statues_deadend, corexii_hall_statues_l,
          corexii_hall_statues_l
D:10:     uniq_sonja, uniq_urug
Temple:   kilobyte_greek_temple

Skill      XL: |  1  2  3  4  5  6  7  8  9 10 11 |
---------------+----------------------------------+-----
Stealth        | 1 3 4 5 8 9 |  9.9
Dodging        | 2 |  2.3
Short Blades   | 1 2 3 4 5 |  5.0
Transmutations | 3 5 6 |  6.3
Armour         | 2 3 |  3.9
Invocations    | 1 4 7 |  7.8
Evocations     | 1 4 7 |  7.1
Spellcasting   | 4 5 |  5.1
Unarmed Combat | 5 6 |  6.1
Fighting       | 3 |  3.0

Action                   |  1- 3 |  4- 6 |  7- 9 | 10-12 || total
-------------------------+-------+-------+-------+-------++-------
Melee: Unarmed           |     8 |       |    21 |    73 ||   102
       Dagger            |    81 |   162 |   402 |   322 ||   967
       Punch             |     1 |     3 |     5 |     5 ||    14
       Scimitar          |       |       |    15 |       ||    15
       Tailslap          |       |       |       |    16 ||    16
 Cast: Spider Form       |       |       |     3 |     6 ||     9
 Abil: Spit Poison       |     4 |     3 |    12 |     7 ||    26
Evoke: Wand              |       |       |     3 |       ||     3
  Use: Potion            |       |     3 |     2 |    11 ||    16
       Scroll            |       |     9 |     7 |     4 ||    20
 Stab: Sleeping          |     2 |     6 |    18 |     9 ||    35
       Distracted        |       |       |     1 |       ||     1
  Eat: Chunk             |     2 |     5 |     9 |     8 ||    24
       Meat ration       |       |       |     1 |     1 ||     2
       Royal jelly       |       |       |     2 |     3 ||     5
       Bread ration      |       |       |     1 |       ||     1
       Fruit             |       |       |       |     1 ||     1
Armor: Robe              |    12 |    39 |    26 |       ||    77
       Leather armour    |       |       |   117 |   147 ||   264
       Skin              |       |       |       |     1 ||     1
Dodge: Dodged            |    52 |    73 |   195 |   198 ||   518
Block: Other             |       |    16 |    45 |    37 ||    98
       Reflection        |       |     1 |       |       ||     1
       Rpst.: Scimitar   |       |       |     1 |       ||     1
